 Dungeon Crawl Stone Soup version 0.23.2-1-ga50397a (webtiles) character file.

Game seed: 13338222614624146942

48 xveg the Vandal (level 4, -1/29 HPs)
             Began as a Halfling Hunter on May 9, 2019.
             Slain by a frilled lizard (3 damage)
             ... on level 2 of the Dungeon.
             The game lasted 00:01:32 (987 turns).

xveg the Vandal (Halfling Hunter)                    Turns: 987, Time: 00:01:34

Health: -1/29      AC:  4    Str: 14    XL:     4   Next: 0%
Magic:  4/4        EV: 14    Int:  9    God:
Gold:   110        SH:  0    Dex: 14    Spells: 3/3 levels left

rFire    . . .     SeeInvis .   b - +0 short sword
rCold    . . .     Gourm    .   (shield restricted)
rNeg     . . .     Faith    .   c - +0 leather armour
rPois    +         Spirit   .   (no helmet)
rElec    .         Reflect  .   i - +0 cloak {rPois}
rCorr    .         Harm     .   (no gloves)
MR       .....                  (no boots)
Stlth    ++........             (no amulet)
HPRegen  0.09/turn              (no ring)
MPRegen  0.09/turn              (no ring)

@: no status effects
A: small, mutation resistance 1
a: no special abilities


You were on level 2 of the Dungeon.
You were not hungry.

You visited 1 branch of the dungeon, and saw 2 of its levels.

You collected 110 gold pieces.

Inventory:

Hand Weapons
 a - a +1 hunting sling
 b - a +0 short sword (weapon)
Armour
 c - a +0 leather armour (worn)
 i - a +0 cloak of poison resistance (worn)
Scrolls
 e - a scroll of teleportation {unknown}
 g - a scroll of remove curse {unknown}
 k - 2 scrolls of identify {unknown}
Potions
 h - a potion of magic
Comestibles
 f - 4 rations


   Skills:
 + Level 2.2 Fighting
 + Level 7.2 Slings
 + Level 0.2 Armour
 + Level 2.2 Dodging
 + Level 1.3 Stealth


You had 3 spell levels left.
You didn't know any spells.
Your spell library was empty.

Dungeon Overview and Level Annotations

Branches:
Dungeon (2/15)

Altars:


Innate Abilities, Weirdness & Mutations

You are small and have problems with some larger weapons.
You are somewhat resistant to further mutation.


Message History

You closely miss the frilled lizard. The bat hits you but does no damage.
The bat misses you. The frilled lizard bites you.
* * * LOW HITPOINT WARNING * * *
The frilled lizard closely misses you.
You completely miss the frilled lizard. The bat hits you.
* * * LOW HITPOINT WARNING * * *
The bat hits you.
* * * LOW HITPOINT WARNING * * *
The frilled lizard unfolds its giant frill.
The frilled lizard closely misses you.
You barely miss the frilled lizard. The bat closely misses you.
The bat hits you but does no damage. The frilled lizard closely misses you.
The bat hits you but does no damage.
You hit the frilled lizard but do no damage.
The bat hits you but does no damage. The frilled lizard closely misses you.
The bat barely misses you.
It was a potion of magic.
Magic courses through your body. The bat hits you.
* * * LOW HITPOINT WARNING * * *
The frilled lizard bites you.
You die...

#.# #........ #.#
########. #.# ..
#.##### .#
#.....###.##
######...#...# ≈
#..........#
≈(..##(###l.....#
(≈(.†(.lb@.....##
(..##.(###..(...#
..... #......#
###... ###.##....
....< .....>.#..
###)..
.............
#.....###.####.....
###.# #.# #.. . ...


You could see a bat and 2 frilled lizards.

Vanquished Creatures
  An ooze (D:1)
  2 dart slugs (D:1)
  2 leopard geckos (D:1)
  3 bats
  A hobgoblin (D:1)
  9 jackals
  6 kobolds (D:1)
  8 frilled lizards
  2 goblins (D:1)
  3 rats (D:1)
37 creatures vanquished.

Notes
Turn   | Place    | Note
-------+----------+-------------------------------------------
     0 | D:1      | xveg the Halfling Hunter began the quest for the Orb.
     0 | D:1      | Reached XP level 1. HP: 14/14 MP: 1/1
    74 | D:1      | Reached skill level 6 in Slings
   119 | D:1      | Reached XP level 2. HP: 19/19 MP: 2/2
   421 | D:1      | Reached XP level 3. HP: 24/24 MP: 3/3
   765 | D:1      | Reached skill level 7 in Slings
   979 | D:2      | Reached XP level 4. HP: 6/29 MP: 4/4
   987 | D:2      | Slain by a frilled lizard

Skill      XL: |  1  2  3 |
---------------+----------+-----
Slings         | 6 7 |  7.2
Fighting       | 2 |  2.2
Armour         | |  0.2
Dodging        | |  2.2
Stealth        | |  1.3

Action                   |  1- 3 |  4- 6 || total
-------------------------+-------+-------++-------
Melee: Short sword       |    48 |     7 ||    55
 Fire: Hunting sling     |    72 |       ||    72
  Use: Potion            |       |     1 ||     1
Armor: Leather armour    |    25 |     7 ||    32
Dodge: Dodged            |    64 |    13 ||    77
